 Dungeon Crawl Stone Soup version 0.29.1-12-g30fa7ad0bf (webtiles) character file.

Game seed: 12188011602299072385

2889 hawla the Reanimator (level 10, -6/71 (73) HPs)
             Began as a Meteoran Fire Elementalist on Jan 5, 2023.
             Mangled by a hornet zombie (7 damage)
             ... on level 7 of the Dungeon on Jan 6, 2023.
             The game lasted 00:13:42 (2973 turns).

hawla the Reanimator (Meteoran Fire Elementalist)   Turns: 2973, Time: 00:13:43

HP:   -6/71 (73)    AC:  3    Str: 10    XL:     10   Next: 25%
MP:   2/21          EV: 13    Int: 22    God:
Gold: 244           SH:  0    Dex: 14    Spells: 12/23 levels left

rFire   . . .      SeeInvis .   (no weapon)
rCold   + . .      Faith    .   (no shield)
rNeg    . . .      Spirit   .   a - +0 robe
rPois   .          Reflect  .   (no helmet)
rElec   .          Harm     .   (no cloak)
rCorr   .          Rampage  .   c - +0 pair of gloves
Will    +....                   (no boots)
Stlth   +.........              (no amulet)
HPRegen 0.21/turn               g - ring of protection from cold
MPRegen 0.17/turn               (no ring)

@: attractive, glowing, studying Armour, lightly drained
A: sense surroundings 2, otherworldly, glowing, explore regen
a: no special abilities


You were on level 7 of the Dungeon.
You visited 2 branches of the dungeon, and saw 8 of its levels.

You collected 244 gold pieces.

Inventory:

Armour
 a - a +0 robe (worn)
 c - a +0 pair of gloves (worn)
Jewellery
 g - a ring of protection from cold (left hand)
Wands
 e - a wand of charming (12) (quivered)
Scrolls
 f - 3 scrolls of teleportation
 j - a scroll of brand weapon
 n - a scroll of fear
 o - 2 scrolls of magic mapping {unknown}
 p - a scroll of enchant weapon {unknown}
 q - a scroll of blinking {unknown}
Potions
 b - a potion of cancellation
 l - 2 potions of mutation


   Skills:
 + Level 1.6 Fighting
 + Level 4.1 Dodging
 - Level 1.4 Stealth
 + Level 7.3 Spellcasting
 + Level 6.1 Conjurations
 + Level 9.1 Necromancy
 + Level 7.4 Fire Magic
 + Level 2.0 Evocations


You had 12 spell levels left.
You knew the following spells:

 Your Spells              Type           Power      Damage    Failure   Level
a - Foxfire               Conj/Fire      100%       2x1d9     1%          1
b - Scorch                Fire           82%        2d9       1%          2
c - Flame Wave            Conj/Fire      38%        2d10      4%          4
d - Dispel Undead         Necr           48%        3d18      1%          4

Your spell library contained the following spells:

 Spells                   Type           Power      Damage    Failure   Level
 Conjure Flame            Conj/Fire      38%        6-21      1%          3
 Static Discharge         Conj/Air       21%        3-6/arc   3%          2
 Sticky Flame             Conj/Fire      38%        2d6       4%          4
 Inner Flame              Hex/Fire       24%        N/A       5%          3


Dungeon Overview and Level Annotations

Branches:
Dungeon (7/15) Zot: 1357   Temple (1/1) D:5 Zot: 463

Altars:
Ashenzari
Cheibriados
Elyvilon
Fedhas
Gozag
Hepliaklqana
Kikubaaqudgha
Nemelex Xobeh
Okawaru
Qazlal
Ru
Trog
Uskayaw
Wu Jian
Xom
Zin
The Shining One


Innate Abilities, Weirdness & Mutations

You passively map the area around you.
You are easily found by Zot.
You glow in the dark.
You regain HP and MP as you explore.


Message History

The hornet zombie hits you but does no damage.
You completely miss the hornet zombie. The hornet zombie misses you.
You hit the hornet zombie but do no damage.
The hornet zombie hits you!
You closely miss the hornet zombie. The hornet zombie barely misses you. x2
You hit the hornet zombie but do no damage.
The hornet zombie hits you!
You closely miss the hornet zombie. The hornet zombie barely misses you.
Casting: Foxfire (safe; 1% risk of failure)
Confirm with . or Enter, or press ? or * to list all spells.
You conjure some foxfire!
The hornet zombie hits you.
You barely miss the hornet zombie.
The foxfire hits the hornet zombie.
The hornet zombie is lightly damaged.
The foxfire hits the hornet zombie!
The hornet zombie is moderately damaged.
The hornet zombie hits you! The hornet zombie hits you.
* * * LOW HITPOINT WARNING * * *
Casting: Foxfire (safe; 1% risk of failure)
Confirm with . or Enter, or press ? or * to list all spells.
You conjure some foxfire!
The hornet zombie hits you!
* * * LOW HITPOINT WARNING * * *
You hit the hornet zombie but do no damage.
The hornet zombie is moderately damaged.
The foxfire hits the hornet zombie.
The hornet zombie is moderately damaged.
The foxfire hits the hornet zombie.
The hornet zombie is moderately damaged.
The hornet zombie hits you.
* * * LOW HITPOINT WARNING * * *
It was a potion of attraction.
You feel attractive to monsters.
The hornet zombie hits you but does no damage.
The hornet zombie hits you.
* * * LOW HITPOINT WARNING * * *
Unknown command.
Okay, then.
As you read the scroll labelled ISTRAWECSOA, it crumbles to dust.
You assume a fearsome visage.
The hornet zombie is unaffected.
It was a scroll of fear.
The hornet zombie hits you!
You die...

...........# *** * *
...........# , , *
...........## , ,,
............# * , ,
.........#..# * ,
,,,
...############### ,
,,
#..8##.#.#.#.#.#.#
,,
##.###'#'#'#'#'#Z#*
, ,,
##..'...†)...†..@#
,,*,,,, ,
...###'#'#+#+#+#'#,,
, , ...8##.#.#
*_#.#,, ,, , *
..######## * ###, *,
, , , ...## , , , ,
,, ....# ,, , , , *
...†# , , , , ....##
, .....# *, ,, , ,*


You could see a hornet zombie.

Vanquished Creatures
  5 yaks (D:6)
  The ghost of croobank the Conjurer, an amateur DsCj (D:4)
  A water moccasin (D:7)
  An ice beast (D:7)
  A sky beast (D:6)
  A black bear (D:6)
  2 centaurs
  A kobold brigand (D:7)
  7 necrophages
  A scorpion (D:4)
  4 wights (D:7)
  A centaur zombie (D:7)
  A bullfrog zombie (D:7)
  3 hounds
  A jelly (D:6)
  4 orc priests
  A gnoll bouda (D:6)
  Terence (D:2)
  4 iguanas
  5 orc wizards
  A killer bee zombie (D:7)
  A howler monkey zombie (D:7)
  2 adders (D:4)
  3 gnolls (D:6)
  2 white imps
  A worm (D:2)
  A dart slug (D:4)
  24 orcs
  A ball python (D:3)
  3 endoplasms
  3 giant cockroaches
  3 goblins (D:4)
  4 hobgoblins
  2 quokkas (D:4)
  A frilled lizard (D:1)
  7 kobolds
  4 rats
109 creatures vanquished.

Vanquished Creatures (others)
  127 foxfires
127 creatures vanquished.

Grand Total: 236 creatures vanquished

Notes
Turn   | Place    | Note
-------+----------+-------------------------------------------
     0 | D:1      | hawla the Meteoran Fire Elementalist began the quest for
                  | the Orb.
     0 | D:1      | Reached XP level 1. HP: 14/14 MP: 5/5
   149 | D:1      | Found a faded altar of an unknown god.
   348 | D:2      | Reached XP level 2. HP: 20/20 MP: 2/6
   351 | D:2      | Learned a level 2 spell: Scorch
   363 | D:2      | Noticed Terence
   371 | D:2      | Killed Terence
   372 | D:2      | Reached XP level 3. HP: 13/26 MP: 4/8
   516 | D:3      | Reached XP level 4. HP: 33/33 MP: 8/10
   566 | D:4      | Noticed a scorpion
   571 | D:4      | Killed a scorpion
   572 | D:4      | Reached skill level 5 in Fire Magic
   572 | D:4      | Reached XP level 5. HP: 38/38 MP: 4/12
   573 | D:4      | Noticed a necrophage
   599 | D:4      | Killed a necrophage
   600 | D:4      | Reached XP level 6. HP: 13/46 MP: 1/13
   605 | D:4      | Learned a level 4 spell: Flame Wave
   649 | D:4      | Noticed croobank's ghost (amateur DsCj)
   664 | D:4      | Found a runed translucent door.
   682 | D:4      | Killed croobank's ghost
   750 | D:4      | Reached XP level 7. HP: 51/51 MP: 1/14
   763 | D:4      | Reached skill level 5 in Conjurations
   858 | D:4      | Found a hide-covered altar of Uskayaw.
  1327 | D:3      | Identified the +1 scale mail of Objectivity {rF+++ Str-3
                  | Dex-2 Stlth+}
  1388 | D:5      | Entered Level 5 of the Dungeon
  1518 | D:5      | Reached skill level 5 in Spellcasting
  1615 | D:5      | Reached skill level 1 in Fighting
  1615 | D:5      | Reached XP level 8. HP: 59/59 MP: 8/17
  1680 | D:5      | Found a snail-covered altar of Cheibriados.
  1692 | D:5      | Found a staircase to the Ecumenical Temple.
  1699 | Temple   | Entered the Ecumenical Temple
  2075 | D:6      | Learned a level 4 spell: Dispel Undead
  2120 | D:6      | Reached skill level 1 in Necromancy
  2122 | D:6      | Reached skill level 2 in Necromancy
  2158 | D:6      | Reached skill level 3 in Necromancy
  2162 | D:6      | Reached skill level 4 in Necromancy
  2414 | D:6      | Noticed a yak
  2414 | D:6      | Noticed a yak
  2416 | D:6      | Noticed a yak
  2417 | D:6      | Noticed a yak
  2419 | D:6      | Killed a yak
  2419 | D:6      | Noticed a yak
  2420 | D:6      | Reached skill level 5 in Necromancy
  2420 | D:6      | Gained mutation: You passively map the area around you.
                  | [Meteoran growth]
  2420 | D:6      | Reached XP level 9. HP: 56/64 MP: 7/19
  2427 | D:6      | Reached skill level 7 in Necromancy
  2435 | D:6      | Reached skill level 8 in Necromancy
  2605 | D:7      | Reached skill level 9 in Necromancy
  2631 | D:7      | Reached skill level 1 in Evocations
  2727 | D:7      | Reached XP level 10. HP: 43/71 MP: 10/20
  2972 | D:7      | HP: 1/71 [hornet zombie (4)]
  2973 | D:7      | Mangled by a hornet zombie

Illustrated notes

Levels and vault maps discovered:
D:1:      scummos_arrival_checkerplants, layout_loops_corners,
          ebering_ecumenical_altar_webs
D:2:      layout_loops_ring, uniq_natasha, uniq_terence
D:3:      layout_basic, serial_bayou_lagoon_a, uniq_grinder, uniq_sigmund
D:4:      layout_basic, mainiacjoe_overflow_alcove_1,
          hellmonk_ghost_happy_afterlife, minmay_misc_feat_five,
          minmay_manual_mullet
D:5:      layout_basic, mainiacjoe_overflow_alcove_4, temple_doors_e, uniq_ijyb,
          uniq_duvessa, uniq_pikel
D:6:      layout_basic, chequers_serial_rivers_small_b, dk_vineyard_2,
          lightli_orcish_oven
D:7:      layout_cave_pods, lemuel_mausoleum_altar_yredelemnul
Temple:   nicolae_temple_superstar

Skill      XL: |  1  2  3  4  5  6  7  8  9 10 |
---------------+-------------------------------+-----
Fire Magic     | 4 5 6 7 |  7.4
Spellcasting   | 3 4 5 6 7 |  7.3
Dodging        | 3 4 |  4.1
Conjurations   | 2 4 5 6 |  6.1
Fighting       | 1 |  1.6
Necromancy     | 5 9 |  9.1
Evocations     | 2 |  2.0
Stealth        | |  1.4

Action                   |  1- 3 |  4- 6 |  7- 9 | 10-12 || total
-------------------------+-------+-------+-------+-------++-------
Melee: Unarmed           |     5 |     6 |    19 |    21 ||    51
 Cast: Foxfire           |    13 |    20 |    38 |     6 ||    77
       Scorch            |    10 |    10 |    35 |     7 ||    62
       Flame Wave        |       |     1 |    10 |     4 ||    15
       Dispel Undead     |       |       |     2 |     1 ||     3
  Use: Potion            |     1 |       |     7 |     1 ||     9
       Scroll            |     1 |     1 |       |     5 ||     7
Armor: Robe              |     2 |     4 |    19 |     7 ||    32
       Skin              |       |       |    20 |       ||    20
Dodge: Dodged            |     3 |    10 |    39 |    21 ||    73
